 Dungeon Crawl Stone Soup version 0.23-a0-454-gae4fabde77 (webtiles) character file.

49 Napalmbreeze the Ogre Mage (level 3, 30/31 HPs)
             Began as an Ogre Wizard on Nov 22, 2018.
             Quit the game on level 2 of the Dungeon on Nov 24, 2018.
             The game lasted 00:04:07 (1217 turns).

Napalmbreeze the Ogre Mage (Ogre Wizard)            Turns: 1217, Time: 00:04:08

Health: 30/31      AC:  3    Str: 11    XL:     3   Next: 75%
Magic:  8/8        EV: 10    Int: 20    God:
Gold:   37         SH:  0    Dex:  7    Spells: 9/10 levels left

rFire    . . .     SeeInvis .   g - +2 hand axe (flame)
rCold    . . .     Gourm    .   (no shield)
rNeg     . . .     Faith    .   a - +0 robe
rPois    .         Spirit   .   b - +0 hat
rElec    .         Reflect  .   (no cloak)
rCorr    .         Harm     .   (gloves unavailable)
MR       .....                  (boots unavailable)
Stlth    +.........             (no amulet)
HPRegen  0.10/turn              (no ring)
MPRegen  0.11/turn              (no ring)

@: no status effects
A: large, unfitting armour, tough skin 1
a: no special abilities


You were on level 2 of the Dungeon.
You were not hungry.

You visited 1 branch of the dungeon, and saw 2 of its levels.

You collected 37 gold pieces.

Inventory:

Hand Weapons
 g - a +2 hand axe of flaming (weapon)
Armour
 a - a +0 robe (worn)
 b - a +0 hat (worn)
Scrolls
 c - 2 scrolls of magic mapping {unknown}
Potions
 e - a potion of might {unknown}
 h - a potion of curing {unknown}
Comestibles
 d - 3 rations
 f - 2 chunks of flesh


   Skills:
 - Level 1.7 Dodging
 - Level 1.4 Stealth
 + Level 4.2 Spellcasting
 * Level 2.6 Conjurations
   Level 0.8 Summonings
   Level 0.8 Translocations


You had 9 spell levels left.
You knew the following spells:

 Your Spells              Type           Power        Failure   Level  Hunger
a - Magic Dart            Conj           ##..         4%          1    None

Your spell library contained the following spells:

 Spells                   Type           Power        Failure   Level  Hunger
 Blink                    Tloc           N/A          14%         2    #......
 Call Imp                 Summ           #.......     14%         2    #......
 Slow                     Hex            #.......     19%         2    #......
 Conjure Flame            Conj/Fire      #.......     22%         3    ###....
 Mephitic Cloud           Conj/Pois/Air  #.......     26%         3    ###....


Dungeon Overview and Level Annotations

Branches:
Dungeon (2/15)

Altars:


Innate Abilities, Weirdness & Mutations

You are too large for most types of armour.
You have tough skin. (AC +1)


Message History

You see here a bat corpse.
You butcher the bat corpse.
Things that are here:
a chunk of flesh; a bat skeleton
Casting: Magic Dart (safe; 4% risk of failure)
Confirm with . or Enter, or press ? or * to list all spells.
Aiming: Magic Dart (safe; 4% risk of failure)
Press: ? - help, Shift-Dir - straight line, f - goblin
Aim: a goblin, wielding a +0 dagger (hasn't noticed you)
The magic dart hits the goblin.
You kill the goblin!
You start resting.
Magic restored.
f - 2 chunks of flesh (gained 1)
You see here a bat skeleton.
Things that are here:
a cursed +0 dagger; a goblin corpse Welcome back, Napalmbreeze the Ogre Wizard.
Press ? for a list of commands and other information.
Are you sure you want to abandon this character and quit the game? (Confirm

### ..##############
#..............#########
...##.########..(.......
##....####...รท........##
###....##.#####@.......
##..#..............##.
#...##.#...###.....#
#<#.##.#.#.........#
##....>.#.#####.....#
##..).####.# #..<..#
#..#..# #.# ####...
#.##..# #.# ##.# ......#
.#


There were no monsters in sight!

Vanquished Creatures
  2 adders (D:2)
  2 dart slugs (D:1)
  6 bats
  A giant cockroach (D:2)
  3 goblins
  A hobgoblin (D:1)
  3 jackals (D:1)
  2 frilled lizards (D:1)
  2 kobolds (D:1)
  4 rats
26 creatures vanquished.

Notes
Turn   | Place    | Note
-------+----------+-------------------------------------------
     0 | D:1      | Napalmbreeze the Ogre Wizard began the quest for the Orb.
     0 | D:1      | Reached XP level 1. HP: 16/16 MP: 5/5
    24 | D:1      | Reached skill level 1 in Conjurations
   187 | D:1      | Reached XP level 2. HP: 3/24 MP: 0/6
   828 | D:1      | Reached skill level 4 in Spellcasting
  1025 | D:2      | Reached XP level 3. HP: 31/31 MP: 4/8
  1217 | D:2      | Upgraded the game from 0.23-a0-451-g1044d4cbad to
                  | 0.23-a0-454-gae4fabde77
  1217 | D:2      | Quit the game

Vault maps used:
D:1:      lightli_arrival_isolated_outpost
D:2:      first_ration, grunt_decor_mini_mirrors, trog_three_pillars_becter

Skill      XL: |  1  2 |
---------------+-------+-----
Conjurations   | 1 2 |  2.6
Spellcasting   | 4 |  4.2
Dodging        | |  1.7
Stealth        | |  1.4
Summonings     | |  0.8
Translocations | |  0.8

Action                   || total
-------------------------++-------
Melee: Unarmed           ||    43
       Hand axe          ||    11
 Cast: Magic Dart        ||    53
  Eat: Chunk             ||     1
Armor: Robe              ||    38
Dodge: Dodged            ||    47

Table legend:
 A = Non-vault XP
 B = Vault XP
 C = Vault XP percentage of total XP
 D = Non-vault monster count
 E = Vault monster count
 F = Vault count percentage of total count
                 A         B        C        D         E       F
            +---------+---------+-------+---------+---------+-------
      Total |      70 |       0 |   0.0 |      26 |       0 |   0.0
            +---------+---------+-------+---------+---------+-------
        D:1 |      33 |       0 |   0.0 |      18 |       0 |   0.0
        D:2 |      37 |       0 |   0.0 |       8 |       0 |   0.0
            +---------+---------+-------+---------+---------+-------
